 Dungeon Crawl Stone Soup version 0.31-a0-162-gc4c5a43528 (webtiles) character file.

Game seed: 17066319266502659884

34850 qw the Cleaver (level 13, -1/84 HPs)
             Began as a Gargoyle Fighter on June 12, 2023.
             Was an Elder of Okawaru.
             Slain by a death yak (18 damage)
             ... on level 4 of the Lair of Beasts.
             The game lasted 00:06:41 (12343 turns).

qw the Cleaver (Gargoyle Fighter)                  Turns: 12343, Time: 00:06:42

Health: -1/84      AC: 31    Str: 25    XL:     13   Next: 80%
Magic:  20/20      EV: 11    Int:  9    God:    Okawaru [****..]
Gold:   487        SH:  7    Dex: 15    Spells: 12/12 levels left

rFire   . . .        Y - +2 war axe (chaos)
rCold   + . .        c - +0 buckler
rNeg    + . .        f - +0 plate armour
rPois   inf          h - +0 helmet "Xuigrig" {rElec}
rElec   +            (no cloak)
rCorr   .            l - +0 pair of gloves
SInv    .            (no boots)
Will    .....        u - amulet of faith Stlth
                     i - ring of protection from cold
HPRegen 0.34/turn    q - +6 ring of dexterity
MPRegen 0.17/turn

%: faith
@: about to teleport, heroic
A: sickness immunity, AC +9, negative energy resistance 1, electricity
resistance, torment resistance 1, petrification resistance, iridescent scales 1,
mutation resistance 1
a: Renounce Religion, Heroism, Finesse


You were on level 4 of the Lair of Beasts.
You worshipped Okawaru.
Okawaru was greatly pleased with you.
You visited 3 branches of the dungeon, and saw 14 of its levels.
You also visited: Ossuary.

You collected 683 gold pieces.
You spent 196 gold pieces at shops.


Innate Abilities, Weirdness & Mutations

You are immune to sickness and miasma.
Your stone body is resilient. (AC +9)
You are immune to poison.
You resist negative energy. (rN+)
You are resistant to electric shocks. (rElec)
You are resistant to unholy torment.
You are immune to petrification.
You are partially covered in iridescent scales. (AC +2)
You are somewhat resistant to further mutation.


   Skills:
 - Level 11.0(16.0) Fighting
 + Level 14.5(19.5) Axes
 - Level 2.0(7.0) Throwing
 - Level 10.0(15.0) Armour
 - Level 3.2(8.2) Dodging
 - Level 7.1(12.1) Shields
 - Level 10.0 Invocations


You had 12 spell levels left.
You didn't know any spells.
Your spell library was empty.

Inventory:

Hand Weapons
 a - a +0 war axe
 r - a +0 morningstar
 Y - a +2 war axe of chaos (weapon)
Missiles
 w - 4 boomerangs (quivered)
Armour
 c - a +0 buckler (worn)
 f - a +0 plate armour (worn)
 h - the +0 helmet "Xuigrig" (worn) {rElec}
   (You found it on level 5 of the Dungeon)

   rElec:     It insulates you from electricity.
 j - a +0 chain mail of cold resistance
 l - a +0 pair of gloves (worn)
 x - a scarf of harm
Jewellery
 g - a ring of resist corrosion
 i - a ring of protection from cold (left hand)
 n - an amulet of reflection
 q - a +6 ring of dexterity (right hand)
 s - a ring of resist corrosion
 u - an amulet of faith (around neck)
Scrolls
 k - a scroll of identify
Potions
 d - 6 potions of might
 e - 6 potions of curing
 m - a potion of lignification
 o - a potion of attraction
 t - a potion of mutation
 v - 2 potions of haste {unknown}

Dungeon Overview and Level Annotations

Branches:
Dungeon (8/15)             Temple (1/1) D:5            Lair (5/5) D:8
  Swamp (0/4) Lair:2       Spider (0/4) Lair:2      Ossuary (visited)
  Slime: Lair:4-5

Altars:
Ashenzari
Cheibriados
Dithmenos
Elyvilon
Fedhas
Gozag
Hepliaklqana
Kikubaaqudgha
Makhleb
Nemelex Xobeh
Okawaru
Qazlal
Ru
Sif Muna
Trog
Uskayaw
Vehumet
Wu Jian
Xom
Yredelemnul
Zin
The Shining One

Shops:
D:3 [   D:4 [[=

Annotations:
D:4 3 runed translucent doors, qw's ghost, novice NaHu
D:6 1 runed translucent door, qw's ghost, novice MiHu


Message History

You slash the death yak!
The death yak is almost dead.
You slash the death yak! You hit the death yak. You freeze the death yak.
You slash the death yak! The death yak gores you!
You slash the death yak!
You kill the death yak!
Okawaru is honoured by your kill.
You slash the death yak!
The death yak is poisoned.
You hit the death yak but do no damage. You hit the death yak.
The death yak resists with almost no effort.
The death yak gores you but does no damage.
You hit the death yak.
The death yak looks as sick as possible!
The death yak is almost dead.
You completely miss the death yak. x2
The death yak barely misses you. The death yak closely misses you.
The death yak gores you!
You slash the death yak! You burn the death yak.
You kill the death yak!
Okawaru is honoured by your kill. Okawaru grants you throwing weapons!
Something appears at your feet!
You barely miss the death yak. You hit the death yak. You freeze the death yak.
You hit the death yak.
The death yak gores you but does no damage. x2
The death yak gores you.
You slice the death yak!! You freeze the death yak.
The death yak is heavily wounded.
You hit the death yak. You barely miss the death yak.
You barely miss the death yak.
The death yak is heavily wounded.
You hit the death yak but do no damage. You hit the death yak.
You freeze the death yak. You block the death yak's attack.
The death yak gores you! You block the death yak's attack.
12343 ||| READING scroll of teleportation.
As you read the scroll of teleportation, it crumbles to dust.
You feel strangely unstable. The death yak closely misses you.
The death yak barely misses you. The death yak gores you!!
You die...

....####.#.......##.#.##.#..##
....####..#......##..###.....#..
.?.)............................
.................>.....%........
........................YY......
....<...........................
................................
%..............Y.Y.............#
%>%##...#.##....@Y............##
..## ....#####...#..##..#......#
...# #..## #..##.##.#. #.....#
..P# .... ##..##.... ..P# .....
#...#..... ..P## ##P. #....#...
....##### #...#..#
..###...#####....P.##
......%...............


You could see 3 death yaks.

Vanquished Creatures
  5 hydras
  A catoblepas (Lair:1)
  5 death yaks
  Sonja (Lair:4)
  A goliath frog (Lair:5)
  A lindwurm (Lair:3)
  9 elephants (Lair:2)
  A torpor snail (Lair:4)
  3 black mambas
  9 cane toads
  7 komodo dragons
  A rime drake (Lair:4)
  A polar bear (Lair:5)
  3 tyrant leeches (Lair:5)
  16 blink frogs
  7 dream sheep (Lair:3)
  32 yaks
  Grum (D:8)
  6 vampire mosquitoes (Lair:5)
  2 wyverns
  10 water moccasins
  2 orc warriors
  3 black bears
  An ogre (D:6)
  3 centaurs
  16 wolves
  21 bullfrogs
  2 kobold brigands (D:7)
  18 scorpions
  3 killer bees (D:8)
  2 electric eels (Lair:2)
  A howler monkey (D:8)
  2 centaur zombies (Ossuary)
  3 hounds
  A human zombie (Ossuary)
  3 jellies
  3 iguanas
  3 orc wizards
  A scorpion zombie (Ossuary)
  3 mummies (Ossuary)
  5 adders
  A gnoll (D:5)
  A shadow imp (D:6)
  2 white imps
  An ufetubus (D:4)
  4 worms
  A dart slug (D:4)
  19 orcs
  8 bats
  5 endoplasms
  6 giant cockroaches
  4 gnoll zombies (Ossuary)
  4 goblins
  4 hobgoblins
  17 kobolds
  4 quokkas
  4 ball pythons
  2 frilled lizards (D:1)
  3 goblin zombies (Ossuary)
  2 hobgoblin zombies (Ossuary)
  2 kobold zombies (Ossuary)
  2 orc zombies (Ossuary)
  3 rats
317 creatures vanquished.

Notes
Turn   | Place    | Note
-------+----------+-------------------------------------------
     0 | D:1      | qw the Gargoyle Fighter began the quest for the Orb.
     0 | D:1      | Reached XP level 1. HP: 14/14 MP: 1/1
     0 | D:1      | 0 ||| qw: Version: 0.2-a-29-gc1b59c4
     0 | D:1      | 0 ||| qw: Game counter: 4327
     0 | D:1      | 0 ||| qw: Always use a shield: true
     0 | D:1      | 0 ||| qw: God list: Okawaru
     0 | D:1      | 0 ||| qw: Allow faded altars: false
     0 | D:1      | 0 ||| qw: Do Orc after D:15 true
     0 | D:1      | 0 ||| qw: Do second Lair branch before Depths: true
     0 | D:1      | 0 ||| qw: Lair rune preference: random
     0 | D:1      | 0 ||| qw: Plans: Normal, Zot:1-4, Slime:5, God:TSO, Crypt,
                  | Tomb, Abyss, Pan, Hells, Win
     0 | D:1      | 0 ||| PLANNING D:1-11
    37 | D:1      | Reached skill level 2 in Axes
    38 | D:1      | 38 ||| Stepping ~*~*~tactically~*~*~ (hiding).
   178 | D:1      | 178 ||| Stepping ~*~*~tactically~*~*~ (hiding).
   373 | D:1      | Reached XP level 2. HP: 19/19 MP: 2/2
   396 | D:1      | 396 ||| Stepping ~*~*~tactically~*~*~ (stealth).
   397 | D:1      | 397 ||| Stepping ~*~*~tactically~*~*~ (stealth).
   938 | D:1      | 938 ||| UPGRADING to +0 plate armour.
   948 | D:1      | 948 ||| DROPPING +0 scale mail.
   949 | D:1      | 949 ||| UPGRADING to ring of protection from cold.
   950 | D:1      | 950 ||| READING 2 scrolls labelled PUAGOG ZUYRIL.
   951 | D:1      | 951 ||| DROPPING scroll of blinking.
  1013 | D:2      | Reached skill level 3 in Axes
  1123 | D:2      | 1123 ||| Stepping ~*~*~tactically~*~*~ (stealth).
  1130 | D:2      | Reached XP level 3. HP: 22/23 MP: 3/3
  1255 | D:2      | Found an ornate altar of the Wu Jian Council.
  1596 | D:2      | 1596 ||| READING scroll labelled RANEFR OLOYRE.
  1597 | D:2      | 1597 ||| READING 3 scrolls labelled QALLUY PETEUPHAS.
  1598 | D:2      | 1598 ||| READING 2 scrolls of brand weapon.
  1598 | D:2      | 1598 ||| BRANDING +0 war axe of chaos.
  1599 | D:2      | 1599 ||| READING scroll of brand weapon.
  1599 | D:2      | 1599 ||| BRANDING +0 war axe of freezing.
  1600 | D:2      | 1600 ||| READING scroll labelled LEC JONUDUNE.
  1601 | D:2      | 1601 ||| READING scroll labelled XUH YMMEDU.
  1602 | D:2      | 1602 ||| READING scroll labelled RISEME CI ABI.
  1640 | D:3      | 1640 ||| Stepping ~*~*~tactically~*~*~ (stealth).
  1641 | D:3      | 1641 ||| Stepping ~*~*~tactically~*~*~ (stealth).
  1770 | D:3      | 1770 ||| Stepping ~*~*~tactically~*~*~ (hiding).
  1771 | D:3      | 1771 ||| Stepping ~*~*~tactically~*~*~ (hiding).
  1951 | D:3      | Found a blossoming altar of Fedhas.
  2030 | D:3      | Found Ipistri's Armour Boutique.
  2035 | D:3      | 2035 ||| BUYING +0 pair of gloves (58 gold).
  2035 | D:3      | Bought a +0 pair of gloves for 58 gold pieces
  2035 | D:3      | 2035 ||| SHOPLISTING +3 plate armour of fire resistance
                  | (585 gold, have 138).
  2178 | D:3      | 2178 ||| UPGRADING to +0 pair of gloves.
  2183 | D:3      | 2183 ||| READING scroll labelled UPIUSE HESO.
  2184 | D:3      | 2184 ||| READING scroll labelled KALAOS BETRI.
  2189 | D:3      | 2189 ||| READING 2 scrolls labelled KIEKKE CEORR.
  2190 | D:3      | 2190 ||| READING scroll labelled MOINAEC LEMYKH.
  2191 | D:3      | 2191 ||| DRINKING 2 lumpy sapphire potions.
  2201 | D:4      | Noticed a scorpion
  2202 | D:4      | 2202 ||| PLANNING OSSUARY
  2204 | D:4      | Reached XP level 4. HP: 28/28 MP: 4/4
  2209 | D:4      | Killed a scorpion
  2210 | D:4      | Reached skill level 4 in Axes
  2213 | D:4      | Found a runed translucent gate.
  2226 | D:4      | Found a runed translucent gate.
  2226 | D:4      | Found a runed translucent gate.
  2227 | D:4      | Noticed a kobold brigand
  2227 | D:4      | Noticed qw's ghost (novice NaHu)
  2230 | D:4      | 2230 ||| DROPPING +0 club.
  2247 | D:4      | 2247 ||| Stepping ~*~*~tactically~*~*~ (hiding).
  2250 | D:4      | 2250 ||| Stepping ~*~*~tactically~*~*~ (hiding).
  2374 | D:4      | Reached XP level 5. HP: 32/32 MP: 5/5
  2460 | D:4      | Found Qanokk's Armour Shop.
  2465 | D:4      | 2465 ||| BUYING +0 chain mail of cold resistance (138
                  | gold).
  2465 | D:4      | Bought a +0 chain mail of cold resistance for 138 gold
                  | pieces
  2465 | D:4      | 2465 ||| SHOPLISTING +1 acid dragon scales (564 gold, have
                  | 23).
  2465 | D:4      | 2465 ||| SHOPLISTING +2 pair of gloves of infusion (258
                  | gold, have 23).
  2497 | D:4      | Found Plog's Armour Emporium.
  2517 | D:4      | 2517 ||| SHOPLISTING +1 plate armour of cold resistance
                  | (350 gold, have 23).
  2569 | D:4      | 2569 ||| Stepping ~*~*~tactically~*~*~ (hiding).
  2571 | D:4      | 2571 ||| Stepping ~*~*~tactically~*~*~ (hiding).
  2573 | D:4      | 2573 ||| Stepping ~*~*~tactically~*~*~ (hiding).
  2687 | D:4      | Found a sand-covered staircase.
  2688 | D:4      | 2688 ||| UPGRADING to amulet of reflection.
  2693 | D:4      | 2693 ||| READING 2 scrolls of identify.
  2693 | D:4      | 2693 ||| IDENTIFYING dark potion
  2702 | Ossuary  | Entered an ossuary
  2749 | Ossuary  | Reached skill level 5 in Axes
  2756 | Ossuary  | Reached XP level 6. HP: 37/38 MP: 6/6
  2870 | Ossuary  | Reached skill level 6 in Axes
  2875 | Ossuary  | Reached XP level 7. HP: 38/43 MP: 7/7
  3015 | Ossuary  | 3015 ||| Stepping ~*~*~tactically~*~*~ (stealth).
  3081 | Ossuary  | 3081 ||| DROPPING amulet of regeneration.
  3082 | Ossuary  | 3082 ||| READING scroll labelled YTERUN JEIMUN.
  3083 | Ossuary  | 3083 ||| DRINKING 4 brown potions.
  3084 | Ossuary  | 3084 ||| READING 2 scrolls of identify.
  3084 | Ossuary  | 3084 ||| IDENTIFYING metallic pink potion
  3085 | Ossuary  | 3085 ||| DROPPING 3 potions of brilliance.
  3138 | D:4      | 3138 ||| PLANNING D:1-11
  3304 | D:4      | Found Housm's Jewellery Boutique.
  3313 | D:4      | 3313 ||| SHOPLISTING +4 ring of slaying (858 gold, have
                  | 59).
  3313 | D:4      | 3313 ||| SHOPLISTING +5 ring of evasion (396 gold, have
                  | 59).
  3313 | D:4      | 3313 ||| SHOPLISTING +6 ring of dexterity (396 gold, have
                  | 59).
  3313 | D:4      | 3313 ||| SHOPLISTING ring of Music {rC+ Str+3} (421 gold,
                  | have 59).
  3313 | D:4      | 3313 ||| SHOPLISTING ring of protection from cold (275
                  | gold, have 59).
  3313 | D:4      | 3313 ||| SHOPLISTING ring of resist corrosion (220 gold,
                  | have 59).
  3369 | D:5      | Entered Level 5 of the Dungeon
  3408 | D:5      | Reached skill level 7 in Axes
  3437 | D:5      | 3437 ||| READING scroll of enchant weapon.
  3437 | D:5      | 3437 ||| ENCHANTING +1 war axe of chaos.
  3495 | D:5      | Reached XP level 8. HP: 41/48 MP: 8/8
  3627 | D:5      | 3627 ||| DROPPING +0 flail.
  3629 | D:5      | Found a staircase to the Ecumenical Temple.
  3630 | D:5      | 3630 ||| PLANNING TEMPLE
  3630 | D:5      | 3630 ||| DRINKING 2 green potions.
  3640 | Temple   | Entered the Ecumenical Temple
  3694 | Temple   | 3694 ||| PLANNING OKAWARU WORSHIP
  3853 | Temple   | Became a worshipper of Warmaster Okawaru
  3853 | Temple   | 3853 ||| PLANNING D:1-11
  3990 | D:5      | Reached skill level 1 in Dodging
  4009 | D:5      | 4009 ||| READING 3 scrolls of brand weapon.
  4009 | D:5      | 4009 ||| BRANDING +2 war axe of chaos.
  4010 | D:5      | 4010 ||| DROPPING +0 war axe.
  4011 | D:5      | 4011 ||| READING 2 scrolls of brand weapon.
  4011 | D:5      | 4011 ||| BRANDING +2 war axe of venom.
  4012 | D:5      | 4012 ||| READING scroll of brand weapon.
  4012 | D:5      | 4012 ||| BRANDING +2 war axe of freezing.
  4133 | D:5      | 4133 ||| Stepping ~*~*~tactically~*~*~ (hiding).
  4149 | D:5      | Reached skill level 8 in Axes
  4225 | D:5      | Identified the +0 helmet "Xuigrig" {rElec}
  4240 | D:5      | Reached * piety under Okawaru
  4282 | D:5      | Reached skill level 1 in Invocations
  4505 | D:5      | 4505 ||| UPGRADING to +0 helmet "Xuigrig" {rElec}.
  4561 | D:6      | 4561 ||| INVOKING Heroism.
  4678 | D:6      | 4678 ||| Stepping ~*~*~tactically~*~*~ (hiding).
  4680 | D:6      | 4680 ||| Stepping ~*~*~tactically~*~*~ (hiding).
  4683 | D:6      | 4683 ||| INVOKING Heroism.
  4780 | D:6      | Reached skill level 1 in Throwing
  4782 | D:6      | Reached XP level 9. HP: 55/55 MP: 10/10
  4848 | D:6      | 4848 ||| Stepping ~*~*~tactically~*~*~ (stealth).
  4855 | D:6      | Reached skill level 6 in Fighting
  4867 | D:6      | 4867 ||| INVOKING Heroism.
  4870 | D:6      | Reached skill level 3 in Invocations
  5099 | D:6      | Found a runed translucent door.
  5100 | D:6      | Noticed qw's ghost (novice MiHu)
  5203 | D:6      | 5203 ||| READING scroll labelled NANEKAU EFAFA.
  5204 | D:6      | 5204 ||| DRINKING 2 ruby potions.
  5205 | D:6      | 5205 ||| DROPPING potion of enlightenment.
  5258 | D:7      | 5258 ||| INVOKING Heroism.
  5614 | D:7      | 5614 ||| Stepping ~*~*~tactically~*~*~ (stealth).
  5765 | D:7      | Found a shadowy altar of Dithmenos.
  5796 | D:7      | 5796 ||| Stepping ~*~*~tactically~*~*~ (hiding).
  5813 | D:7      | 5813 ||| INVOKING Heroism.
  5829 | D:7      | Found an ornate altar of the Wu Jian Council.
  5970 | D:8      | Reached skill level 9 in Axes
  5987 | D:8      | 5987 ||| Stepping ~*~*~tactically~*~*~ (stealth).
  5989 | D:8      | 5989 ||| Stepping ~*~*~tactically~*~*~ (stealth).
  5993 | D:8      | 5993 ||| INVOKING Heroism.
  6210 | D:8      | Reached skill level 6 in Armour
  6247 | D:8      | 6247 ||| Stepping ~*~*~tactically~*~*~ (hiding).
  6249 | D:8      | 6249 ||| INVOKING Heroism.
  6304 | D:8      | Found a flagged portal.
  6317 | D:8      | Found a staircase to the Lair.
  6318 | D:8      | 6318 ||| INVOKING Heroism.
  6346 | D:8      | Found a hazy altar of Hepliaklqana.
  6725 | D:8      | Noticed Grum
  6726 | D:8      | 6726 ||| INVOKING Heroism.
  6733 | D:8      | Reached XP level 10. HP: 59/63 MP: 10/13
  6741 | D:8      | Killed Grum
  6745 | D:8      | Reached skill level 10 in Axes
  6939 | D:8      | 6939 ||| PLANNING LAIR
  6939 | D:8      | 6939 ||| UPGRADING to +6 ring of dexterity.
  6940 | D:8      | 6940 ||| DRINKING 2 bubbling silvery potions.
  6941 | D:8      | 6941 ||| DRINKING 2 murky green potions.
  6941 | D:8      | Gained mutation: You are partially covered in iridescent
                  | scales. (AC +2) [potion of mutation]
  6941 | D:8      | Gained mutation: You are somewhat resistant to further
                  | mutation. [potion of mutation]
  6942 | D:8      | 6942 ||| DROPPING potion of degeneration.
  6984 | Lair:1   | Entered Level 1 of the Lair of Beasts
  7001 | Lair:1   | Identified the +1 dagger "Uwamyqea" {heavy, Fly}
  7232 | Lair:1   | Noticed a catoblepas
  7235 | Lair:1   | 7235 ||| INVOKING Heroism.
  7251 | Lair:1   | Killed a catoblepas
  7251 | Lair:1   | Reached ** piety under Okawaru
  7675 | Lair:1   | 7675 ||| READING 2 scrolls labelled QIBEYN WI MABY.
  7676 | Lair:1   | 7676 ||| READING scroll labelled SUBOKLEAMO.
  7677 | Lair:1   | 7677 ||| DROPPING scroll of noise.
  7708 | Lair:2   | 7708 ||| STAIRDANCE
  7777 | Lair:2   | Reached *** piety under Okawaru
  7781 | Lair:2   | 7781 ||| STAIRDANCE
  7841 | Lair:2   | Found a staircase to the Swamp.
  7843 | Lair:2   | 7843 ||| INVOKING Heroism.
  7854 | Lair:2   | Noticed an elephant
  7858 | Lair:2   | Noticed an elephant
  7862 | Lair:2   | Reached skill level 11 in Axes
  7862 | Lair:2   | Reached **** piety under Okawaru
  7862 | Lair:2   | HP: 14/64 [yak (6)]
  7862 | Lair:2   | Noticed an elephant
  7863 | Lair:2   | Reached XP level 11. HP: 15/69 MP: 14/14
  7863 | Lair:2   | 7863 ||| READING 3 scrolls of teleportation.
  7864 | Lair:2   | 7864 ||| DRINKING 3 potions of heal wounds.
  8008 | Lair:2   | 8008 ||| FLEEEEING.
  8009 | Lair:2   | 8009 ||| FLEEEEING.
  8010 | Lair:2   | 8010 ||| FLEEEEING.
  8011 | Lair:2   | 8011 ||| FLEEEEING.
  8012 | Lair:2   | 8012 ||| FLEEEEING.
  8013 | Lair:2   | 8013 ||| FLEEEEING.
  8014 | Lair:2   | 8014 ||| FLEEEEING.
  8015 | Lair:2   | 8015 ||| FLEEEEING.
  8016 | Lair:2   | 8016 ||| FLEEEEING.
  8017 | Lair:2   | 8017 ||| FLEEEEING.
  8018 | Lair:2   | 8018 ||| STAIRDANCE
  8060 | Lair:2   | 8060 ||| INVOKING Heroism.
  8066 | Lair:2   | Reached skill level 9 in Fighting
  8093 | Lair:2   | 8093 ||| INVOKING Heroism.
  8182 | Lair:2   | 8182 ||| INVOKING Heroism.
  8208 | Lair:2   | 8208 ||| Stepping ~*~*~tactically~*~*~ (stealth).
  8229 | Lair:2   | 8229 ||| INVOKING Heroism.
  8232 | Lair:2   | Reached skill level 6 in Invocations
  8268 | Lair:2   | Reached ***** piety under Okawaru
  8281 | Lair:2   | 8281 ||| INVOKING Heroism.
  8284 | Lair:2   | Received a gift from Okawaru
  8589 | Lair:2   | 8589 ||| INVOKING Heroism.
  8629 | Lair:2   | Found a hole to the Spider Nest.
  8714 | Lair:2   | 8714 ||| Stepping ~*~*~tactically~*~*~ (stealth).
  8756 | Lair:2   | 8756 ||| INVOKING Heroism.
  8880 | Lair:2   | Noticed a death yak
  8880 | Lair:2   | Noticed a death yak
  8881 | Lair:2   | 8881 ||| INVOKING Heroism.
  8882 | Lair:2   | Noticed a death yak
  8883 | Lair:2   | 8883 ||| Stepping ~*~*~tactically~*~*~ (stealth).
  8889 | Lair:2   | Noticed a death yak
  8893 | Lair:2   | Killed a death yak
  8898 | Lair:2   | Banished a death yak
  8899 | Lair:2   | Reached skill level 12 in Axes
  8905 | Lair:2   | Killed a death yak
  8906 | Lair:2   | Reached XP level 12. HP: 25/76 MP: 16/18
  8910 | Lair:2   | Killed a death yak
  8911 | Lair:2   | Reached skill level 3 in Dodging
  9053 | Lair:2   | 9053 ||| Stepping ~*~*~tactically~*~*~ (stealth).
  9058 | Lair:2   | 9058 ||| Stepping ~*~*~tactically~*~*~ (stealth).
  9275 | Lair:2   | 9275 ||| INVOKING Heroism.
  9280 | Lair:2   | Reached skill level 9 in Invocations
  9401 | Lair:2   | 9401 ||| UPGRADING to amulet of faith.
  9411 | Lair:2   | 9411 ||| READING 2 scrolls of identify.
  9411 | Lair:2   | 9411 ||| IDENTIFYING bubbling blue potion
  9412 | Lair:2   | 9412 ||| DROPPING potion of invisibility.
  9433 | Lair:3   | 9433 ||| STAIRDANCE
  9508 | Lair:3   | 9508 ||| INVOKING Heroism.
  9539 | Lair:3   | 9539 ||| Stepping ~*~*~tactically~*~*~ (stealth).
  9540 | Lair:3   | 9540 ||| Stepping ~*~*~tactically~*~*~ (stealth).
  9541 | Lair:3   | 9541 ||| Stepping ~*~*~tactically~*~*~ (stealth).
  9598 | Lair:3   | Reached skill level 6 in Shields
  9642 | Lair:3   | 9642 ||| Stepping ~*~*~tactically~*~*~ (stealth).
  9722 | Lair:3   | Noticed a four-headed hydra
  9723 | Lair:3   | 9723 ||| INVOKING Heroism.
  9724 | Lair:3   | 9724 ||| INVOKING Finesse.
  9728 | Lair:3   | 9728 ||| SWAPPING to +0 morningstar.
  9734 | Lair:3   | Killed a four-headed hydra
  9735 | Lair:3   | 9735 ||| SWAPPING to +2 war axe of chaos.
  9909 | Lair:3   | 9909 ||| INVOKING Heroism.
  9947 | Lair:3   | 9947 ||| INVOKING Heroism.
  9954 | Lair:3   | Received a gift from Okawaru
  9985 | Lair:3   | Reached skill level 9 in Armour
 10062 | Lair:3   | 10062 ||| INVOKING Heroism.
 10207 | Lair:3   | You fall into a shaft and drop 2 floors!
 10207 | Lair:5   | Entered Level 5 of the Lair of Beasts
 10208 | Lair:5   | 10208 ||| INVOKING Heroism.
 10211 | Lair:5   | Noticed a six-headed hydra
 10212 | Lair:5   | 10212 ||| INVOKING Finesse.
 10224 | Lair:5   | 10224 ||| SWAPPING to +0 morningstar.
 10234 | Lair:5   | Killed a six-headed hydra
 10235 | Lair:5   | 10235 ||| SWAPPING to +2 war axe of chaos.
 10255 | Lair:5   | 10255 ||| INVOKING Heroism.
 10357 | Lair:5   | 10357 ||| INVOKING Heroism.
 10397 | Lair:5   | 10397 ||| INVOKING Heroism.
 10412 | Lair:5   | Reached skill level 13 in Axes
 10433 | Lair:5   | 10433 ||| INVOKING Heroism.
 10443 | Lair:5   | Reached XP level 13. HP: 36/82 MP: 18/20
 10444 | Lair:5   | 10444 ||| Stepping ~*~*~tactically~*~*~ (stealth).
 10445 | Lair:5   | 10445 ||| Stepping ~*~*~tactically~*~*~ (stealth).
 10459 | Lair:5   | HP: 17/82 [tyrant leech (4)]
 10460 | Lair:5   | 10460 ||| READING 3 scrolls of teleportation.
 10461 | Lair:5   | 10461 ||| DRINKING 2 potions of heal wounds.
 10484 | Lair:5   | 10484 ||| INVOKING Heroism.
 10573 | Lair:5   | 10573 ||| INVOKING Heroism.
 10651 | Lair:5   | 10651 ||| INVOKING Heroism.
 10652 | Lair:5   | 10652 ||| INVOKING Finesse.
 10657 | Lair:5   | 10657 ||| SWAPPING to +0 morningstar.
 10663 | Lair:5   | 10663 ||| SWAPPING to +2 war axe of chaos.
 10665 | Lair:5   | 10665 ||| SWAPPING to +0 morningstar.
 10674 | Lair:5   | 10674 ||| SWAPPING to +2 war axe of chaos.
 10701 | Lair:5   | 10701 ||| INVOKING Heroism.
 10719 | Lair:5   | 10719 ||| INVOKING Heroism.
 10747 | Lair:5   | Reached skill level 14 in Axes
 10790 | Lair:5   | 10790 ||| INVOKING Heroism.
 10845 | Lair:5   | 10845 ||| INVOKING Heroism.
 10895 | Lair:5   | 10895 ||| INVOKING Heroism.
 10946 | Lair:5   | 10946 ||| Stepping ~*~*~tactically~*~*~ (stealth).
 10948 | Lair:5   | 10948 ||| Stepping ~*~*~tactically~*~*~ (hiding).
 10952 | Lair:5   | 10952 ||| INVOKING Heroism.
 11078 | Lair:5   | 11078 ||| INVOKING Heroism.
 11198 | Lair:5   | 11198 ||| INVOKING Heroism.
 11229 | Lair:5   | 11229 ||| INVOKING Heroism.
 11334 | Lair:5   | 11334 ||| INVOKING Heroism.
 11400 | Lair:5   | 11400 ||| INVOKING Heroism.
 11443 | Lair:4   | Noticed Sonja
 11468 | Lair:4   | Killed Sonja
 11563 | Lair:3   | 11563 ||| INVOKING Heroism.
 11951 | Lair:4   | 11951 ||| INVOKING Heroism.
 12109 | Lair:4   | 12109 ||| INVOKING Heroism.
 12121 | Lair:4   | HP: 19/84 [death yak (27)]
 12122 | Lair:4   | 12122 ||| READING 2 scrolls of teleportation.
 12123 | Lair:4   | 12123 ||| DRINKING potion of heal wounds.
 12270 | Lair:4   | 12270 ||| INVOKING Heroism.
 12276 | Lair:4   | 12276 ||| SWAPPING to +0 morningstar.
 12280 | Lair:4   | 12280 ||| SWAPPING to +2 war axe of chaos.
 12324 | Lair:4   | 12324 ||| INVOKING Heroism.
 12340 | Lair:4   | Received a gift from Okawaru
 12342 | Lair:4   | HP: 16/84 [death yak (17)]
 12343 | Lair:4   | 12343 ||| READING scroll of teleportation.
 12343 | Lair:4   | Slain by a death yak

Levels and vault maps discovered:
D:1:      psy_arrival_terrarium, layout_loops_ring
D:2:      layout_loops_ring, basic_altar
D:3:      layout_basic, fedhas_ov_isle_minmay, serial_shops, shop
D:4:      layout_rooms, serial_shops, kennysheep_little_box,
          nicolae_shop_tiny_glass, shop, gammafunk_ghost_nasty_kobolds,
          enter_ossuary_1, serial_bayou_pond_a
D:5:      layout_basic, minmay_temple_entry_grid, minmay_joined_circles
D:6:      layout_layer_cave, gammafunk_ghost_grave
D:7:      layout_loops_ring, mainiacjoe_overflow_two_lobes, serial_bayou_pond_a,
          chequers_serial_rivers_micro_a
D:8:      layout_basic, nzn_hepliaklqana_mist_gate,
          grunt_lair_entry_orc_guard_hut, enter_bailey_1, st_stairs_6, uniq_grum
Temple:   mainiacjoe_temple_bowtie_tessellation
Lair:1:   layout_misc_corridors, nicolae_quartered_pool_super,
          dreamdust_mushroom_princess, lemuel_fruit_tree
Lair:2:   layout_regular_city, minmay_swamp_entry_reptiles,
          nicolae_spider_entry_non_spiders, serial_bayou_lake_a,
          serial_bayou_shore_a, infiniplex_staircase_pool
Lair:3:   layout_gridlike
Lair:4:   layout_regular_city, uniq_sonja
Lair:5:   minmay_lair_end_frog_pond, layout_regular_city,
          nicolae_slime_entry_field_trip, infiniplex_staircase_pool_2

Skill      XL: |  1  2  3  4  5  6  7  8  9 10 11 12 13 |
---------------+----------------------------------------+-----
Axes           | 2 3 4 5 6 7 8 9 11 12 13 14 | 14.5
Fighting       | 4 5 7 8 9 10 11 | 11.0
Armour         | 4 5 6 7 8 9 10 | 10.0
Dodging        | 1 2 3 |  3.2
Invocations    | 2 4 8 10 | 10.0
Throwing       | 1 2 |  2.0
Shields        | 4 5 6 7 |  7.1

Action                     |  1- 3 |  4- 6 |  7- 9 | 10-12 | 13-15 || total
---------------------------+-------+-------+-------+-------+-------++-------
  Melee: War axe           |   146 |    68 |   253 |   414 |   212 ||  1093
         Morningstar       |       |       |       |    16 |    16 ||    32
  Throw: Boomerang         |       |       |    16 |       |    11 ||    27
         Javelin           |       |       |       |     3 |       ||     3
 Invoke: Heroism           |       |       |     9 |    21 |    19 ||    49
         Finesse           |       |       |       |     2 |     1 ||     3
    Use: Scroll            |    12 |     1 |     7 |     4 |     3 ||    27
         Potion            |     1 |       |     3 |     3 |     2 ||     9
   Stab: Confused          |       |       |     1 |     2 |     3 ||     6
         Paralysed         |       |       |       |     3 |     1 ||     4
         Petrified         |       |       |       |       |     2 ||     2
         Petrifying        |       |       |       |       |     1 ||     1
 Armour: Scale mail        |    29 |       |       |       |       ||    29
         Plate armour      |    63 |    44 |   151 |   240 |   142 ||   640
  Dodge: Dodged            |    54 |    16 |    57 |   151 |    80 ||   358
  Block: Buckler           |    30 |    20 |   114 |   181 |    61 ||   406
         Reflection        |       |       |     6 |       |       ||     6

Table legend:
 A = Non-vault XP
 B = Vault XP
 C = Vault XP percentage of total XP
 D = Non-vault monster count
 E = Vault monster count
 F = Vault count percentage of total count
                 A         B        C        D         E       F
            +---------+---------+-------+---------+---------+-------
      Total |   36815 |   12971 |  26.1 |     227 |      94 |  29.3
            +---------+---------+-------+---------+---------+-------
        D:1 |      29 |       0 |   0.0 |      20 |       0 |   0.0
        D:2 |      18 |       0 |   0.0 |      10 |       0 |   0.0
        D:3 |      32 |       0 |   0.0 |      13 |       0 |   0.0
        D:4 |     105 |       0 |   0.0 |      12 |       0 |   0.0
        D:5 |     350 |     666 |  65.6 |       8 |      13 |  61.9
        D:6 |     579 |       0 |   0.0 |      16 |       0 |   0.0
        D:7 |     526 |       0 |   0.0 |      15 |       0 |   0.0
        D:8 |     618 |    1400 |  69.4 |      14 |      11 |  44.0
     Lair:1 |    2185 |      39 |   1.8 |       9 |       1 |  10.0
     Lair:2 |   12666 |    1019 |   7.4 |      44 |      11 |  20.0
     Lair:3 |    6714 |       0 |   0.0 |      25 |       0 |   0.0
     Lair:4 |    5700 |     776 |  12.0 |      17 |       1 |   5.6
     Lair:5 |    7293 |    8311 |  53.3 |      24 |      30 |  55.6
    Ossuary |       0 |     760 | 100.0 |       0 |      27 | 100.0
            +---------+---------+-------+---------+---------+-------
